 Dungeon Crawl Stone Soup version 0.19.5 (webtiles) character file.

80 Trixie the Sneak (level 4, -4/43 HPs)
             Began as an Octopode Assassin on Mar 23, 2017.
             Killed from afar by an orc wizard (6 damage)
             ... with a magic dart
             ... on level 3 of the Dungeon.
             The game lasted 00:04:43 (1450 turns).

Trixie the Sneak (Octopode Assassin)                Turns: 1450, Time: 00:04:44

Health: -4/43      AC: 22    Str: 10    XL:     4   Next: 39%
Magic:  4/4        EV:  2    Int: 13    God:
Gold:   52         SH:  0    Dex: 14    Spells: 0 memorised, 3 levels left

rFire  . . .     SeeInvis .     a - +2 dagger
rCold  . . .     Gourm    .     (no shield)
rNeg   + + +     Faith    .     (helmet currently unavailable)
rPois  +         Spirit   .     (no amulet)
rElec  .         Reflect  .     (no ring)
rCorr  .         Harm     .     (no ring)
MR     .....     NoTele   +     (no ring)
Stlth  +++.......               (no ring)
                                (no ring)
                                (no ring)
                                (no ring)
                                (no ring)

@: tree-form
A: almost no armour, stealthy swim, (amphibious), 8 rings, (constrict 8),
(camouflage 0), (gelatinous body 0)
a: no special abilities


You were on level 3 of the Dungeon.
You were not hungry.
You were a tree.
You visited 1 branch of the dungeon, and saw 3 of its levels.

You collected 52 gold pieces.

Inventory:

Hand Weapons
 a - a +2 dagger (weapon)
 b - a +0 blowgun
Missiles
 c - 8 poisoned needles
 d - 2 curare-tipped needles
Jewellery
 e - a cursed ring of protection from cold {unknown}
 h - a cursed amulet of inaccuracy {unknown}
Scrolls
 j - a scroll of noise {unknown}
Potions
 g - a potion of lignification
 i - a potion of heal wounds {unknown}
Comestibles
 f - a bread ration


   Skills:
 - Level 2.0 Fighting
 - Level 4.0 Short Blades
 - Level 2.0 Throwing
 - Level 1.0 Dodging
 + Level 6.1 Stealth


You had 3 spell levels left.
You didn't know any spells.

Dungeon Overview and Level Annotations

Branches:
Dungeon (3/15)

Altars:

Annotations:
D:2 Sigmund, Terence


Innate Abilities, Weirdness & Mutations

You cannot wear most types of armour.
You are very stealthy in the water. (Stealth+)
((You are amphibious.))
You can wear up to eight rings at the same time.
((You can use your tentacles to constrict eight enemies at once.))
((Your skin changes colour to match your surroundings (Stealth+).))
((Your rubbery body absorbs attacks. (AC +1, EV +1)))


Message History

* * * LOW HITPOINT WARNING * * *
It was a potion of lignification.
You turn into a tree.
Your roots penetrate the ground.
Something hits you but does no damage.
You cannot move.
You miss something. Something hits you but does no damage.
You miss something. Something hits you but does no damage.
A worker ant comes into view.
The worker ant twitches its antennae in your direction.
You hit something. Something hits you but does no damage.
The worker ant moves out of view.
You barely miss something. Something completely misses you.
You barely miss something. You hit something but do no damage.
An orc wizard appears from thin air!
Reactivating autopickup.
The orc wizard hits you but does no damage.
You completely miss the orc wizard.
The orc wizard is heavily wounded.
The orc wizard casts a spell at you. The magic dart hits you!
You die...

# .# #. .# ##.##### ##.#
#.#. ##.. #....o. ...
##.#.##...# #.s.so# #..
.....#.#.# #.# #.#
#.#......#
...###o#####.#
#........#
............#♣#
#..#......
...####.###o#o#
#........# #.#
#.#o#######.........
#.###.ao...(.##.##.#.###
#.......####.##.##.#.#
######.............#.#
#.#........####.### #.#
#...###.##....#.... #.#
##### #.#####.###..


You could see a worker ant, an orc wizard and 2 orcs.

Vanquished Creatures
  3 adders (D:3)
  An ooze (D:1)
  A worm (D:2)
  2 dart slugs (D:1)
  An orc (D:3)
  A ball python (D:3)
  7 bats
  3 giant cockroaches
  2 goblins (D:1)
  3 hobgoblins
  2 jackals (D:3)
  2 frilled lizards (D:2)
  9 kobolds
  3 rats
40 creatures vanquished.

Notes
Turn   | Place    | Note
-------+----------+-------------------------------------------
     0 | D:1      | Trixie the Octopode Assassin began the quest for the Orb.
     0 | D:1      | Reached XP level 1. HP: 14/14 MP: 1/1
   173 | D:1      | Reached XP level 2. HP: 7/19 MP: 2/2
   546 | D:1      | Reached XP level 3. HP: 20/24 MP: 3/3
   919 | D:2      | Noticed Terence
  1050 | D:2      | Noticed Sigmund
  1359 | D:3      | Reached XP level 4. HP: 29/29 MP: 4/4
  1377 | D:3      | Reached skill level 6 in Stealth
  1442 | D:3      | HP: 1/29 [something/magic dart (5)]
  1450 | D:3      | Killed from afar by an orc wizard

Skill      XL: |  1  2  3  4 |
---------------+-------------+-----
Short Blades   | 3 4 |  4.0
Stealth        | 6 |  6.1
Fighting       | |  2.0
Throwing       | |  2.0
Dodging        | |  1.0

Action                   |  1- 3 |  4- 6 || total
-------------------------+-------+-------++-------
Melee: Dagger            |    68 |    19 ||    87
       Constrict         |    14 |     4 ||    18
       Tentacles         |    14 |     1 ||    15
  Use: Scroll            |     3 |       ||     3
       Potion            |       |     1 ||     1
 Stab: Sleeping          |     7 |     2 ||     9
       Distracted        |     1 |       ||     1
  Eat: Chunk             |     1 |     1 ||     2
Armor: Skin              |    11 |     9 ||    20
Dodge: Dodged            |    61 |    12 ||    73
